 Dungeon Crawl Stone Soup version 0.31-a0-654-gbe3e110b4e (webtiles) character file.

Game seed: 18139659385205774849

4197 cforsyth the Prestidigitator (level 10, 0/59 (68) HPs)
             Began as a Gnoll Artificer on Aug 30, 2023.
             Was a Priest of Hepliaklqana.
             Slain by a wight
             ... wielding a +4 falchion
              (2 damage)
             ... on level 7 of the Dungeon.
             The game lasted 00:09:14 (7504 turns).

cforsyth the Prestidigitator (Gnoll Artificer)      Turns: 7504, Time: 00:09:14

HP:   0/59 (68)     AC: 13    Str: 11    XL:     10   Next: 29%
MP:   17/17         EV:  4    Int: 14    God:    Hepliaklqana [***...]
Gold: 389           SH:  0    Dex: 16    Spells: 19/19 levels left

rFire   . . .        I - +4 battleaxe (freeze)
rCold   . . .        (shield currently unavailable)
rNeg    . . .        n - +0 plate armour
rPois   .            (no helmet)
rElec   .            (no cloak)
rCorr   .            (no gloves)
SInv    .            (no boots)
Will    .....        (no amulet) Stlth
                     (no ring)
HPRegen 0.29/turn    (no ring)
MPRegen 0.15/turn

%: clarity
@: heavily drained
A: reduced essence, fangs 1, strong nose, distributed training, agile 1,
clarity, screaming 1, wild magic 1
a: Renounce Religion, Recall Ancestor, Ancestor Identity, Transference


You were on level 7 of the Dungeon.
You worshipped Hepliaklqana.
Hepliaklqana was most pleased with you.
You visited 1 branch of the dungeon, and saw 8 of its levels.

You collected 389 gold pieces.

Inventory:

Hand Weapons
 a - a +0 club
 x - a +0 whip of flaming
 D - a +1 rapier of freezing
 H - a +4 hand axe
 I - a +4 battleaxe of freezing (weapon)
Missiles
 o - 15 poisoned darts
Armour
 b - a +0 leather armour
 n - a +0 plate armour (worn)
Jewellery
 l - a +6 ring of strength
 s - a +6 ring of strength
Wands
 c - a wand of flame (20) (quivered)
 d - a wand of charming (14)
 e - a wand of iceblast (1)
 r - a wand of quicksilver (11)
 u - a wand of roots (1)
 F - a wand of polymorph (8)
 G - a wand of paralysis (5)
Scrolls
 f - a scroll of vulnerability {unknown}
 g - a scroll of blinking {unknown}
 j - a scroll of enchant weapon {unknown}
 k - a scroll of immolation {unknown}
 p - 3 scrolls of identify {unknown}
 t - a scroll of poison {unknown}
 v - 3 scrolls of enchant armour {unknown}
 y - a scroll of teleportation {unknown}
 B - a scroll of revelation {unknown}
 C - a scroll of amnesia {unknown}
Potions
 h - a potion of magic
 i - a potion of lignification
 m - a potion of might
 q - 2 potions of cancellation {unknown}
 w - a potion of ambrosia {unknown}
 z - a potion of haste {unknown}
 A - a potion of degeneration {unknown}
 E - a potion of curing {unknown}


   Skills:
 + Level 5.9 Fighting
 + Level 5.2 Short Blades
 + Level 5.2 Long Blades
 + Level 5.2 Axes
 + Level 5.2 Maces & Flails
 + Level 5.2 Polearms
 + Level 5.2 Staves
 + Level 5.2 Ranged Weapons
 + Level 5.2 Throwing
 + Level 7.0 Armour
 + Level 5.9 Dodging
 + Level 5.8 Stealth
 + Level 5.2 Shields
 + Level 5.2 Unarmed Combat
 + Level 5.2 Spellcasting
 + Level 4.3 Conjurations
 + Level 4.3 Hexes
 + Level 4.3 Summonings
 + Level 4.3 Necromancy
 + Level 4.3 Translocations
 + Level 4.3 Transmutations
 + Level 4.3 Fire Magic
 + Level 4.3 Ice Magic
 + Level 4.3 Air Magic
 + Level 4.3 Earth Magic
 + Level 4.3 Poison Magic
 + Level 5.7 Invocations
 + Level 8.5 Evocations
 + Level 4.7 Shapeshifting


You had 19 spell levels left.
You didn't know any spells.
Your spell library contained the following spells:

 Spells                   Type           Power      Damage    Failure   Level
 Cigotuvi's Dreadful Rot  Necr/Pois/Air  40%        N/A       100%        2
 Dispel Undead            Necr           20%        3d11      100%        4
 Death Channel            Necr           10%        N/A       100%        6


Dungeon Overview and Level Annotations

Branches:
Dungeon (8/15)             Temple (0/1) D:4
   Lair: D:8-11

Altars:
Cheibriados
Dithmenos
Hepliaklqana
Qazlal
Yredelemnul

Shops:
D:3 (

Annotations:
D:7 2 transporters


Innate Abilities, Weirdness & Mutations

Your life essence is reduced to manifest your ancestor. (-10% HP)
You have very sharp teeth.
Your uncanny sense of smell can sniff out nearby items.
Your experience applies equally to all skills.
You are agile. (Dex +4, Str/Int -1)
You possess an exceptional clarity of mind.
You occasionally shout uncontrollably at your foes.
Your spells are a little harder to cast, but a little more powerful.


Message History

Ammiditana hits the wight with a +0 quarterstaff!
The wight hits Ammiditana with a +4 falchion.
The wight hits Ammiditana with a +0 dire flail!
Ammiditana closely misses the wight.
The wight hits Ammiditana with a +4 falchion.
The wight hits Ammiditana with a +0 dire flail.
Ammiditana closely misses the wight.
The wight hits Ammiditana with a +4 falchion.
The wight hits Ammiditana with a +0 dire flail.
Ammiditana is destroyed!
You climb upwards.
Level annotation: 2 transporters
There is a stone staircase leading down, spattered with blood here.
You barely miss the wight. You bite the wight, but do no damage.
The wight is almost destroyed.
The wight hits you but does no damage.
You barely miss the wight.
The wight is almost destroyed.
The wight hits you with a +4 falchion!
* * * LOW HITPOINT WARNING * * *
You feel drained.
* * * LOW HITPOINT WARNING * * *
The wight hits you but does no damage.
You hit the wight.
The wight is almost destroyed.
The wight hits you with a +4 falchion.
* * * LOW HITPOINT WARNING * * *
You hit the wight but do no damage. You bite the wight, but do no damage.
The wight is almost destroyed.
The wight hits you with a +4 falchion.
* * * LOW HITPOINT WARNING * * *
You feel drained.
* * * LOW HITPOINT WARNING * * *
The wight hits you with a +4 falchion.
* * * LOW HITPOINT WARNING * * *
Aiming: Throw Flame
Press: ? - help, Shift-Dir - straight line, f - wight
Aim: a wight, wielding a +4 falchion and wearing a +0 robe (almost destroyed, 76% to hit)
The puff of flame misses the wight.
The wight hits you with a +4 falchion.
You die...

+##..#.....######..##############
.....#.....#...#.................
.....#.....#...#...............##
[....#.....#.).+..))...........#
######.....#.######..##..########
#........###.######..##..#......#
'........'.............[.#......#
#........#......÷........#......#
#........#......@z.......#......#
#......©.###'######'######......#
...####### #................#####
...# .JD...#................#
...#○.....○#................#
...#..#©# #................# ...#
∆ #...........(....# ...#
#................##### ...#
#'######.............#


You could see a wight.

Vanquished Creatures
  Grinder (D:3)
  A yak (D:7)
  A water moccasin (D:7)
  An orc warrior (D:4)
  An ice beast (D:6)
  2 bullfrogs
  A howler monkey (D:7)
  An orc priest (D:4)
  A jelly (D:4)
  An iguana (D:5)
  3 orc wizards
  A sleepcap (D:4)
  2 adders
  A shadow imp (D:4)
  2 dart slugs
  8 orcs
  2 bats (D:2)
  5 endoplasms
  2 giant cockroaches
  5 goblins (D:2)
  3 hobgoblins
  3 jackals (D:1)
  3 ball pythons
  4 frilled lizards
  5 kobolds
  3 rats (D:2)
63 creatures vanquished.

Vanquished Creatures (collateral kills)
  Pikel (D:6)
  Maggie (D:7)
  5 yaks
  3 water moccasins
  Duvessa (D:7)
  A sky beast (D:5)
  An ogre (D:4)
  A lemure (D:6)
  A bullfrog (D:7)
  5 wights
  6 scorpions
  Dowan (D:7)
  An orc priest (D:5)
  A hound (D:5)
  5 iguanas
  An orc wizard (D:4)
  3 gnolls (D:4)
  6 adders
  2 white imps
  14 orcs
  2 endoplasms (D:4)
  A giant cockroach (D:4)
  A hobgoblin (D:4)
  2 jackals (D:4)
66 creatures vanquished.

Vanquished Creatures (others)
  A battlemage (D:8)
  2 ancestors (D:4)
3 creatures vanquished.

Grand Total: 132 creatures vanquished

Notes
Turn   | Place    | Note
-------+----------+-------------------------------------------
     0 | D:1      | cforsyth the Gnoll Artificer began the quest for the Orb.
     0 | D:1      | Reached XP level 1. HP: 17/17 MP: 1/1
   279 | D:1      | Reached XP level 2. HP: 22/23 MP: 2/2
   532 | D:2      | Found a hazy altar of Hepliaklqana.
   538 | D:2      | Became a worshipper of Hepliaklqana the Forgotten
   702 | D:2      | Reached XP level 3. HP: 8/28 MP: 3/3
   903 | D:2      | Reached skill level 1 in Invocations
  1220 | D:2      | Reached skill level 1 in Short Blades
  1220 | D:2      | Reached skill level 1 in Long Blades
  1220 | D:2      | Reached skill level 1 in Axes
  1220 | D:2      | Reached skill level 1 in Maces & Flails
  1220 | D:2      | Reached skill level 1 in Polearms
  1220 | D:2      | Reached skill level 1 in Staves
  1220 | D:2      | Reached skill level 1 in Ranged Weapons
  1220 | D:2      | Reached skill level 1 in Throwing
  1220 | D:2      | Reached skill level 1 in Shields
  1220 | D:2      | Reached skill level 1 in Unarmed Combat
  1220 | D:2      | Reached skill level 1 in Spellcasting
  1305 | D:2      | Found a faded altar of an unknown god.
  1410 | D:3      | Reached * piety under Hepliaklqana
  1419 | D:3      | Reached XP level 4. HP: 28/30 MP: 5/5
  1451 | D:3      | Noticed Grinder
  1460 | D:3      | Reached skill level 1 in Shapeshifting
  1475 | D:3      | Paralysed by Grinder for 5 turns
  1480 | D:3      | Killed Grinder
  1481 | D:3      | Reached skill level 1 in Conjurations
  1481 | D:3      | Reached skill level 1 in Hexes
  1481 | D:3      | Reached skill level 1 in Summonings
  1481 | D:3      | Reached skill level 1 in Necromancy
  1481 | D:3      | Reached skill level 1 in Translocations
  1481 | D:3      | Reached skill level 1 in Transmutations
  1481 | D:3      | Reached skill level 1 in Fire Magic
  1481 | D:3      | Reached skill level 1 in Ice Magic
  1481 | D:3      | Reached skill level 1 in Air Magic
  1481 | D:3      | Reached skill level 1 in Earth Magic
  1481 | D:3      | Reached skill level 1 in Poison Magic
  1481 | D:3      | Reached XP level 5. HP: 4/36 MP: 5/7
  1481 | D:3      | Reached XP level 6. HP: 5/42 MP: 5/8
  1692 | D:3      | Reached skill level 5 in Armour
  1788 | D:3      | Found Acubor's Weapon Shoppe.
  2449 | D:4      | HP: 2/42 [acid (10)]
  2772 | D:4      | Noticed an orc warrior
  2784 | D:4      | Killed an orc warrior
  2785 | D:4      | Reached skill level 7 in Evocations
  2785 | D:4      | Reached XP level 7. HP: 31/46 MP: 10/10
  3157 | D:4      | Found a staircase to the Ecumenical Temple.
  3316 | D:5      | Entered Level 5 of the Dungeon
  4070 | D:5      | Reached ** piety under Hepliaklqana
  4071 | D:5      | Remembered your ancestor Ammiditana as a battlemage
  4118 | D:5      | Found a basalt altar of Yredelemnul.
  4297 | D:5      | Reached XP level 8. HP: 54/54 MP: 12/12
  4935 | D:6      | Found a shadowy altar of Dithmenos.
  4949 | D:6      | Gained mutation: You are agile. (Dex +4, Str/Int -1)
                  | [potion of mutation]
  4949 | D:6      | Gained mutation: Your spells are a little harder to cast,
                  | but a little more powerful. [potion of mutation]
  4949 | D:6      | Gained mutation: You occasionally shout uncontrollably at
                  | your foes. [potion of mutation]
  4949 | D:6      | Gained mutation: You possess an exceptional clarity of
                  | mind. [potion of mutation]
  5227 | D:6      | Noticed Pikel
  5251 | D:6      | Killed Pikel
  5252 | D:6      | Reached XP level 9. HP: 8/60 MP: 13/15
  5919 | D:7      | Noticed Duvessa
  5919 | D:7      | Noticed Dowan
  5925 | D:7      | Killed Duvessa
  5926 | D:7      | Reached skill level 5 in Fighting
  5926 | D:7      | Reached skill level 5 in Dodging
  5930 | D:7      | Killed Dowan
  6067 | D:7      | Found a snail-covered altar of Cheibriados.
  6067 | D:7      | Found a stormy altar of Qazlal.
  6091 | D:7      | Reached skill level 5 in Stealth
  6229 | D:7      | Reached skill level 8 in Evocations
  6336 | D:7      | Found a transporter.
  6363 | D:7      | Reached skill level 5 in Invocations
  6372 | D:7      | Reached *** piety under Hepliaklqana
  6395 | D:7      | Found a transporter.
  6822 | D:7      | Noticed Maggie
  6829 | D:7      | Killed Maggie
  7093 | D:7      | Reached XP level 10. HP: 56/67 MP: 17/17
  7094 | D:7      | Reached skill level 5 in Short Blades
  7094 | D:7      | Reached skill level 5 in Long Blades
  7094 | D:7      | Reached skill level 5 in Axes
  7094 | D:7      | Reached skill level 5 in Maces & Flails
  7094 | D:7      | Reached skill level 5 in Polearms
  7094 | D:7      | Reached skill level 5 in Staves
  7094 | D:7      | Reached skill level 5 in Ranged Weapons
  7094 | D:7      | Reached skill level 5 in Throwing
  7094 | D:7      | Reached skill level 5 in Shields
  7094 | D:7      | Reached skill level 5 in Unarmed Combat
  7094 | D:7      | Reached skill level 5 in Spellcasting
  7187 | D:7      | HP: 5/102 [yak (3)]
  7503 | D:7      | HP: 1/59 [wight/+4 falchion (6)]
  7504 | D:7      | Slain by a wight

Illustrated notes

Levels and vault maps discovered:
D:1:      dpeg_arrival_arbitrary_b, layout_basic,
          corexii_item_surrounded_by_moat
D:2:      layout_rooms, shapermc_ecumenical_altar_mp_urbaneastern, basic_altar
D:3:      layout_rooms, serial_shops, nicolae_shop_scrapyard, minivault_24,
          uniq_grinder
D:4:      layout_loops_ring, minmay_temple_entry_proselytizer, st_stairs_10,
          uniq_crazy_yiuf_cottage
D:5:      layout_gridville, mainiacjoe_overflow_boulevard
D:6:      layout_loops_ring, nicolae_dithmenos_shadow_blocks,
          grunt_ministairs_7, chequers_serial_rivers_micro_a,
          kennysheep_generic_room_8, uniq_pikel
D:7:      gammafunk_cloud_chamber, layout_gridville,
          mainiacjoe_overflow_divided_tiny, uniq_duvessa, uniq_maggie
D:8:      layout_loops_ring, uniq_grum

Skill      XL: |  1  2  3  4  5  6  7  8  9 10 |
---------------+-------------------------------+-----
Invocations    | 1 2 3 4 5 |  5.7
Short Blades   | 1 2 3 4 5 |  5.2
Long Blades    | 1 2 3 4 5 |  5.2
Axes           | 1 2 3 4 5 |  5.2
Maces & Flails | 1 2 3 4 5 |  5.2
Polearms       | 1 2 3 4 5 |  5.2
Staves         | 1 2 3 4 5 |  5.2
Ranged Weapons | 1 2 3 4 5 |  5.2
Throwing       | 1 2 3 4 5 |  5.2
Shields        | 1 2 3 4 5 |  5.2
Unarmed Combat | 1 2 3 4 5 |  5.2
Spellcasting   | 1 2 3 4 5 |  5.2
Shapeshifting  | 1 2 3 4 |  4.7
Fighting       | 3 4 5 |  5.9
Dodging        | 3 4 5 |  5.9
Stealth        | 3 4 5 |  5.8
Conjurations   | 1 2 3 4 |  4.3
Hexes          | 1 2 3 4 |  4.3
Summonings     | 1 2 3 4 |  4.3
Necromancy     | 1 2 3 4 |  4.3
Translocations | 1 2 3 4 |  4.3
Transmutations | 1 2 3 4 |  4.3
Fire Magic     | 1 2 3 4 |  4.3
Ice Magic      | 1 2 3 4 |  4.3
Air Magic      | 1 2 3 4 |  4.3
Earth Magic    | 1 2 3 4 |  4.3
Poison Magic   | 1 2 3 4 |  4.3
Armour         | 5 6 7 |  7.0
Evocations     | 7 8 |  8.5

Action                     |  1- 3 |  4- 6 |  7- 9 | 10-12 || total
---------------------------+-------+-------+-------+-------++-------
  Melee: Club              |   168 |   121 |   151 |       ||   440
         Bite              |    19 |    16 |    43 |     7 ||    85
         Punch             |     2 |       |     8 |     1 ||    11
         Rapier            |       |       |    64 |    26 ||    90
         Whip              |       |       |    23 |       ||    23
         Battleaxe         |       |       |       |     8 ||     8
 Invoke: Ancestor Life: Ba |       |       |     1 |       ||     1
  Evoke: Wand              |       |    11 |     5 |     1 ||    17
    Use: Potion            |       |       |     4 |     1 ||     5
   Stab: Sleeping          |     5 |       |       |       ||     5
         Distracted        |       |       |     2 |       ||     2
 Armour: Leather armour    |    61 |    14 |       |       ||    75
         Plate armour      |       |    53 |   167 |     9 ||   229
         Skin              |       |       |       |     1 ||     1
  Dodge: Dodged            |   159 |    72 |    54 |     4 ||   289

Table legend: (Time is in decaauts)
 A = Elapsed time spent in this place.
 B = Non-inter-level travel time spent in this place.
 C = Inter-level travel time spent in this place.
 D = Time resting spent in this place.
 E = Time spent auto-exploring this place.
 F = Levels seen in this place.
 G = Mean time per level.
                   A        B        C        D        E       F      G
               +--------+--------+--------+--------+--------+-----+--------+
         Total |   7600 |   7382 |    218 |    850 |   5251 |   8 |  950.0 |
       Dungeon |   7600 |   7382 |    218 |    850 |   5251 |   8 |  950.0 |
               +--------+--------+--------+--------+--------+-----+--------+

Top non-repeatable levels by time:
     D:7: 1475 daAuts
     D:6: 1293 daAuts
     D:4: 1220 daAuts
     D:3: 1182 daAuts
     D:2: 920 daAuts
     D:5: 873 daAuts
     D:1: 523 daAuts
     D:8: 111 daAuts
